 Dungeon Crawl Stone Soup version 0.32-a0-422-g28b100f618 (webtiles) character file.

Game seed: 8705081349803890718

84 LobsterGuardian the Firebug (level 4, -1/33 HPs)
             Began as a Draconian Fire Elementalist on Feb 22, 2024.
             Slain by an orc priest
             ... wielding a +0 club
              (3 damage)
             ... on level 3 of the Dungeon.
             The game lasted 00:05:26 (1551 turns).

LobsterGuardian the Firebug (DrFE)                  Turns: 1551, Time: 00:05:27

Health: -1/33      AC:  5    Str:  8 (10) XL:     4   Next: 23%
Magic:  0/8        EV: 12    Int: 15 (18) God:
Gold:   134        SH:  0    Dex: 10 (11) Spells: 2/8 levels left

rFire   . . .        e - +0 dagger (vamp)
rCold   . . .        (no shield)
rNeg    + . .        (body armour unavailable)
rPois   .            (helmet restricted)
rElec   .            (no cloak)
rCorr   .            (no gloves)
SInv    .            (no boots)
Will    .....        (no amulet)
Stlth   ++           h - ring of positive energy
HPRegen 0.25/turn    (no ring)
MPRegen 0.11/turn

%: no passive effects
@: no status effects
A: AC +5, unfitting armour, cold-blooded
a: Convert to Beogh


You were on level 3 of the Dungeon.
You visited 1 branch of the dungeon, and saw 3 of its levels.

You collected 134 gold pieces.

Inventory:

Hand Weapons
 e - a +0 vampiric dagger (weapon)
Jewellery
 d - a ring of ice
 h - a ring of positive energy (left hand)
Potions
 b - a potion of heal wounds {unknown}
 c - a potion of attraction {unknown}
 i - a potion of berserk rage {unknown}
 k - a potion of degeneration
 l - a potion of enlightenment {unknown}


   Skills:
 + Level 1.9 Dodging
 + Level 2.4 Stealth
 + Level 2.6 Spellcasting
 + Level 1.3 Conjurations
 * Level 4.0 Fire Magic


You had 2 spell levels left.
You knew the following spells:

 Your Spells              Type           Power      Damage    Failure   Level
a - Foxfire               Conj/Fire      40%        2x1d6     7%          1
b - Scorch                Fire           28%        2d6       6%          2
c - Inner Flame           Hex/Fire       8%         N/A       26%         3

Your spell library contained the following spells:

 Spells                   Type           Power      Damage    Failure   Level
 Summon Small Mammal      Summ           8%         N/A       21%         1
 Call Imp                 Summ           4%         N/A       30%         2
 Sublimation of Blood     Necr           2%         N/A       30%         2
 Volatile Blastmotes      Fire/Tloc      16%        2d11      26%         3
 Call Canine Familiar     Summ           2%         N/A       52%         3
 Flame Wave               Conj/Fire      10%        2d6       56%         4
 Summon Blazeheart Golem  Fire/Summ      8%         N/A       65%         4
 Summon Hydra             Summ           1%         N/A       100%        7
 Chain Lightning          Conj/Air       2%         3d2       100%        9
 Fire Storm               Conj/Fire      5%         8d1       100%        9
 Shatter                  Erth           1%         3d5*      100%        9


Dungeon Overview and Level Annotations

Branches:
Dungeon (3/15)

Altars:


Innate Abilities, Weirdness & Mutations

Your plain brown scales are hard. (AC +5)
You cannot fit into any form of body armour.
You are cold-blooded and may be slowed by cold attacks.


Message History

Flames lash the orc priest.
The orc priest is burned terribly!
The orc priest is heavily wounded.
The orc priest threatens, "Beogh's wrath is as vast as their mercy.
Make your choice!"
You hear a shout!
The orc barely misses you. The orc priest hits you with a +0 club.
The orc priest threatens, "Beogh's wrath is as vast as their mercy.
Make your choice!"
Unknown command.
Unknown command.
Casting: Scorch (safe; 4% risk of failure)
Confirm with . or Enter, or press ? or * to list all spells.
Flames lash the orc priest.
The orc priest is burned terribly!
The orc priest is almost dead.
The orc hits you with a +0 dagger of freezing.
* * * LOW HITPOINT WARNING * * *
You feel yourself slow down. The orc freezes you.
* * * LOW HITPOINT WARNING * * *
The orc priest calls down the wrath of Beogh upon you.
Pain shoots through your body!
* * * LOW HITPOINT WARNING * * *
Unknown command.
Unknown command.
Casting: Scorch (safe; 4% risk of failure)
Confirm with . or Enter, or press ? or * to list all spells.
Flames lash the orc but do no damage.
The orc priest shouts, "The Pantheon deserves no one's loyalty.
Let us show you the true path!" The orc barely misses you.
The orc priest threatens, "Beogh's wrath is as vast as their mercy.
Make your choice!" The orc priest barely misses you.
A hobgoblin comes into view.
The orc hits you with a +0 dagger of freezing.
* * * LOW HITPOINT WARNING * * *
The orc freezes you.
* * * LOW HITPOINT WARNING * * *
Unknown command.
It was a potion of degeneration.
There was something very wrong with that liquid.
You feel weakened.
You feel dopey.
You feel clumsy.
You feel yourself speed up. The orc priest hits you with a +0 club.
You die...

.. .# ..# ####
..# ..#...# #
####.#g..# #.#
#oo.†)...# ..
#@##.#####
#.##.##<#######
#.............#
#####)#.###..?..
##...)...## ##.#
#...|..#..##
#..........#
#...#)#.#....
............##..


You could see an orc priest (combustible), an orc and a hobgoblin.

Vanquished Creatures
  An adder (D:2)
  A gnoll (D:1)
  2 orcs (D:3)
  A ball python (D:2)
  4 endoplasms
  A giant cockroach (D:2)
  3 goblins
  A hobgoblin (D:1)
  5 kobolds
  3 quokkas
  8 bats
  2 frilled lizards
  5 rats
37 creatures vanquished.

Vanquished Creatures (others)
  48 foxfires
48 creatures vanquished.

Grand Total: 85 creatures vanquished

Notes
Turn   | Place    | Note
-------+----------+-------------------------------------------
     0 | D:1      | LobsterGuardian the Draconian Fire Elementalist began the
                  | quest for the Orb.
     0 | D:1      | Reached XP level 1. HP: 14/14 MP: 3/3
   320 | D:1      | Reached XP level 2. HP: 20/20 MP: 0/5
   719 | D:1      | Reached XP level 3. HP: 26/26 MP: 6/6
   845 | D:2      | Learned a level 2 spell: Scorch
   849 | D:2      | Learned a level 3 spell: Inner Flame
  1177 | D:2      | Reached skill level 4 in Fire Magic
  1269 | D:2      | Reached XP level 4. HP: 26/33 MP: 3/8
  1550 | D:3      | HP: 1/33 [orc/+0 dagger of freezing (1)]
  1551 | D:3      | Slain by an orc priest

Illustrated notes

Levels and vault maps discovered:
D:1:      minmay_arrival_three_doors, layout_loops_ring, grunt_decor_one_mirror,
          nicolae_grassy_gnolls
D:2:      layout_rooms, grunt_ministairs_4, hex_medium, minmay_split_cup_large
D:3:      layout_loops_cross, serial_co_window_serial, co_window_paths_b,
          co_window_paths_b, co_window_paths_a, co_window_of_opportunity_a,
          co_window_corner_a, co_window_of_opportunity_a, co_window_paths_a,
          co_window_2corner, co_window_unsneaky_path_c,
          co_window_unsneaky_path_d, glass_columns_b, glass_columns_a,
          glass_columns_b, uniq_crazy_yiuf_cottage

Skill      XL: |  1  2  3 |
---------------+----------+-----
Stealth        | 2 |  2.4
Fire Magic     | 4 |  4.0
Dodging        | |  1.9
Spellcasting   | |  2.6
Conjurations   | |  1.3

Action                     |  1- 3 |  4- 6 || total
---------------------------+-------+-------++-------
  Melee: Unarmed           |     9 |       ||     9
         Dagger            |    22 |     8 ||    30
         Tailslap          |     1 |     1 ||     2
   Cast: Foxfire           |    20 |     6 ||    26
         Scorch            |     5 |    13 ||    18
    Use: Scroll            |     1 |     3 ||     4
         Potion            |       |     2 ||     2
   Stab: Sleeping          |     7 |       ||     7
 Armour: Skin              |    28 |    16 ||    44
  Dodge: Dodged            |    29 |    11 ||    40

Table legend: (Time is in decaauts)
 A = Elapsed time spent in this place.
 B = Non-inter-level travel time spent in this place.
 C = Inter-level travel time spent in this place.
 D = Time resting spent in this place.
 E = Time spent auto-exploring this place.
 F = Levels seen in this place.
 G = Mean time per level.
                   A        B        C        D        E       F      G
               +--------+--------+--------+--------+--------+-----+--------+
         Total |   1551 |   1532 |     19 |     41 |   1228 |   3 |  517.0 |
       Dungeon |   1551 |   1532 |     19 |     41 |   1228 |   3 |  517.0 |
               +--------+--------+--------+--------+--------+-----+--------+

Top non-repeatable levels by time:
     D:1: 840 daAuts
     D:2: 579 daAuts
     D:3: 131 daAuts
